AoeStats
← Iguano Pop

Arabia

510051478Analyzed
1v1 RM · 3d ago on Sep 29, 2026· 41m 15s· 2 players
Game mode
Random Map
Map size
Tiny (2 player)
Population
200
Speed
Normal
Resources
Standard
Victory
Conquest
Starting age
Dark Age
Ending age
Imperial Age
RankedLock teamsTeams togetherTeam positionsShared explorationLock speedFull tech treeHidden civsTurbo modeCheats
Victory
Defeat
🇨🇳 Varangians · China
1332
+18
🇲🇽 Bengalis · Mexico
1372
-18
GL.Lc
4:44 Loom
5:37 Loom
8:40 Feudal Age
9:08 Double-Bit Axe
9:50 Double-Bit Axe
14:10 Horse Collar
15:21 Bloodlines
16:31 Fletching
17:47 Forging
18:32 Town Watch
23:44 Castle Age
23:09 Gold Mining
23:26 Scale Barding Armor
25:21 Bow Saw
27:17 Chain Barding Armor
27:44 Wheelbarrow
28:43 Town Watch
29:47 Hand Cart
36:16 Imperial Age
34:26 Stone Mining
35:31 Iron Casting
35:15 Heavy Plow
36:43 Husbandry
37:42 Plate Barding Armor
36:29 Cavalier
37:37 Cavalier
40:28 Blast Furnace
Iguano Pop
6:50 Loom
9:35 Feudal Age
10:10 Double-Bit Axe
11:58 Town Watch
21:56 Castle Age
23:10 Light Cavalry
24:37 Scale Barding Armor
29:45 Horse Collar
30:39 Sanctity
31:32 Fletching
33:08 Wheelbarrow
33:02 Fervor
33:46 Crossbowman
36:53 Redemption
40:32 Imperial Age
39:05 Bow Saw
41:24 Bodkin Arrow
Connection lost

Rejoining the realm…

Still unreachable

The connection could not be restored.

Session expired

The server has moved on; the page needs a fresh start.